AoeStats
← danjo

MegaRandom

504468571Analyzed
1v1 RM · 28d ago on Sep 5, 2026· 23m 59s· 2 players
Game mode
Random Map
Map size
Tiny (2 player)
Population
200
Speed
Normal
Resources
Standard
Victory
Conquest
Starting age
Dark Age
Ending age
Imperial Age
RankedLock teamsTeams togetherTeam positionsShared explorationLock speedFull tech treeHidden civsTurbo modeCheats
Victory
Defeat
🇩🇪 Malians · Germany
1035
+15
🇳🇱 Dravidians · Netherlands
1021
-15
maxikozie
5:00 Loom
8:17 Loom
11:20 Feudal Age
12:12 Double-Bit Axe
14:36 Wheelbarrow
17:21 Castle Age
15:57 Arson
16:14 Scale Mail Armor
16:43 Stone Mining
16:56 Horse Collar
18:21 Heavy Plow
21:05 Squires
21:19 Forging
22:39 Chain Mail Armor
23:08 Pikeman
25:03 Iron Casting
danjo
10:42 Feudal Age
18:33 Castle Age
16:30 Double-Bit Axe
17:21 Scale Barding Armor
21:15 Chain Barding Armor
24:16 Forging
Connection lost

Rejoining the realm…

Still unreachable

The connection could not be restored.

Session expired

The server has moved on; the page needs a fresh start.